Map: Blackpink LE

Players

Scarlett

  • Race: Zerg Zerg
  • League: Master
  • Spawn Location: 7:00

HellraiseR - Winner!

  • Race: Protoss Protoss
  • League: Master
  • Spawn Location: 1:00

VOD

Have the link to the VOD?

Description

Time

  • Played on: Nov. 18, 2017, 4:05 p.m.
  • Length: 27:15
Show
View Real Time Build Order
Export as new Build Order

Scarlett Zerg 

Build Orders: Hatch First 

Get SALT Encoding   

  12  0:00  Drone  
  13  0:12  Overlord  
  13  0:17  Drone  
  14  0:30  Drone x2  
  14  0:34  Drone  
  17  0:52  Hatchery  
  17  0:54  Drone  
  17  0:57  Drone  
  18  1:08  Extractor  
  17  1:12  Spawning Pool  
  17  1:15  Drone  
  17  1:18  Drone  
  18  1:28  Drone  
  19  1:38  Overlord  
  19  1:52  Drone  
  20  1:59  Queen  
  20  2:00  Drone  
  23  2:03  Queen  
  23  2:04  Drone  
  23  2:07  Metabolic Boost  
  26  2:10  Drone  
  26  2:15  Drone  
  28  2:22  Drone  
  29  2:25  Drone  
  30  2:34  Drone  
  31  2:37  Hatchery  
  31  2:41  Zergling x2  
  31  2:44  Queen  
  31  2:50  Zergling x2, Overlord  
  34  2:57  Drone  
  34  2:58  Drone  
  36  3:08  Queen  
  36  3:10  Drone x2  
  40  3:12  Overlord  
  40  3:14  Drone  
  40  3:15  Drone  
  40  3:17  Drone  
  40  3:18  Drone  
  44  3:24  Overlord  
  44  3:28  Evolution Chamber  
  44  3:29  Overlord  
  43  3:37  Overlord  
  43  3:38  Drone  
  44  3:44  Drone x5  
  49  3:50  Zergling x4  
  49  3:53  Zergling x6  
  54  3:59  Zerg Melee Weapons Level 1  
  54  4:02  Drone, Queen  
  57  4:14  Spore Crawler  
  57  4:16  Baneling Nest, Spore Crawler  
  54  4:19  Spore Crawler  
  54  4:20  Drone  
  54  4:22  Drone x2  
  54  4:23  Drone  
  54  4:24  Drone x2  
  59  4:30  Drone x4  
  63  4:34  Extractor  
  62  4:42  Drone x6  
  65  4:54  Drone  
  65  4:55  Drone x7  
  71  5:01  Lair  
  71  5:06  Drone x2  
  71  5:07  Drone  
  74  5:17  Overlord, Extractor  
  74  5:18  Queen, Overlord, Extractor  
  73  5:29  Overlord  
  73  5:32  Hatchery  
  73  5:34  Zergling x2  
  73  5:38  Overlord  
  73  5:40  Drone x8  
  73  5:41  Drone x3  
  84  5:48  Zergling x6  
  87  5:57  Spore Crawler  
  87  5:59  Spore Crawler  
  87  6:01  Queen, Spore Crawler  
  87  6:02  Queen  
  88  6:04  Drone, Hydralisk Den  
  88  6:05  Drone x6  
  88  6:07  Spore Crawler  
  88  6:09  Extractor  
  92  6:15  Zergling x10  
  92  6:31  Drone x5  
  94  6:39  Spore Crawler x2  
  89  6:46  Zerg Missile Weapons Level 1, Extractor  
  88  6:47  Drone x4  
  88  6:48  Drone x3  
  95  6:54  Muscular Augments  
  95  6:57  Infestation Pit  
  95  6:58  Hydralisk x5  
  103  7:10  Hydralisk x4  
  103  7:12  Overlord  
  103  7:13  Overlord x2  
  111  7:19  Hatchery  
  109  7:32  Spore Crawler  
  109  7:36  Hydralisk x9  
  109  7:37  Hydralisk  
  104  7:43  Drone x2  
  101  7:44  Spore Crawler  
  101  7:45  Spore Crawler  
  101  7:50  Drone x5  
  91  7:54  Drone x3  
  94  8:00  Pathogen Glands  
  94  8:07  Drone x5  
  94  8:12  Drone x3  
  102  8:18  Spore Crawler  
  101  8:28  Infestor x4  
  101  8:32  Infestor  
  101  8:33  Drone x4  
  101  8:34  Drone  
  116  8:37  Drone x3  
  119  8:42  Burrow  
  119  8:49  Drone x3, Zerg Missile Weapons Level 2  
  119  8:53  Hydralisk  
  119  8:55  Zergling x4  
  125  9:03  Spore Crawler  
  124  9:12  Infestor x2  
  124  9:14  Overlord x4  
  128  9:17  Hydralisk x2  
  128  9:18  Overlord  
  132  9:24  Overlord x2  
  132  9:32  Infestor  
  132  9:35  Infestor  
  136  9:41  Hatchery  
  136  9:44  Extractor  
  134  9:47  Extractor  
  134  9:48  Infestor  
  135  9:59  Infestor  
  137  10:00  Hydralisk x2  
  137  10:01  Zergling x20  
  137  10:02  Zergling x4  
  153  10:10  Overlord  
  153  10:14  Hive  
  153  10:22  Drone x9  
  153  10:28  Lurker Den  
  159  10:51  Infestor x4  
  167  11:00  Spore Crawler  
  167  11:02  Zergling x16  
  167  11:03  Zergling x8  
  177  11:17  Zerg Melee Weapons Level 2  
  177  11:19  Evolution Chamber  
  176  11:32  Hatchery  
  175  11:34  Spire  
  175  11:36  Neural Parasite  
  175  11:37  Infestor x3  
  179  12:01  Infestor x3, Extractor  
  178  12:03  Extractor  
  178  12:07  Infestor  
  183  12:15  Zerg Missile Weapons Level 3  
  183  12:29  Drone x2  
  186  12:30  Drone x14  
  196  12:37  Infestor x2  
  200  12:48  Baneling  
  200  12:49  Baneling x8  
  199  12:56  Spore Crawler  
  199  12:57  Greater Spire, Spore Crawler x2  
  194  13:15  Spore Crawler  
  194  13:17  Spore Crawler x2  
  194  13:18  Spore Crawler  
  194  13:19  Spore Crawler  
  188  13:22  Centrifical Hooks  
  185  13:27  Infestor  
  185  13:28  Infestor x5  
  195  13:38  Drone x4  
  199  13:43  Zerg Ground Armor Level 1  
  199  13:44  Spore Crawler x2  
  199  13:46  Spore Crawler x3  
  199  13:47  Spore Crawler  
  191  13:51  Drone  
  191  13:52  Drone x10  
  191  13:55  Spore Crawler  
  199  13:57  Spore Crawler x3  
  199  13:58  Drone x4  
  200  14:06  Spore Crawler  
  200  14:07  Pneumatized Carapace  
  200  14:08  Overseer x9, Spore Crawler  
  200  14:09  Zerg Flyer Weapons Level 1  
  198  14:15  Infestor  
  200  14:27  Spore Crawler  
  200  14:28  Spore Crawler  
  200  14:29  Spore Crawler x2  
  200  14:30  Spore Crawler x2  
  186  14:32  Drone x15  
  197  14:39  Drone x2  
  199  14:48  Spire  
  199  14:52  Zerg Melee Weapons Level 3  
  198  15:05  Hatchery  
  197  15:11  Spore Crawler x2  
  197  15:13  Spore Crawler x2  
  197  15:14  Hatchery, Spore Crawler  
  191  15:35  Drone x8  
  199  15:42  Zerg Ground Armor Level 2  
  199  15:44  Spore Crawler  
  199  15:45  Spore Crawler  
  199  15:46  Spore Crawler  
  196  15:50  Spore Crawler  
  196  15:51  Spore Crawler  
  196  15:53  Drone x5  
  199  16:11  Spore Crawler  
  199  16:13  Spore Crawler  
  199  16:14  Spore Crawler  
  199  16:15  Spore Crawler x4  
  199  16:18  Spore Crawler  
  191  16:25  Infestor x4  
  193  16:27  Zerg Flyer Armor Level 1, Zerg Flyer Weapons Level 2  
  193  16:30  Spore Crawler, Extractor  
  193  16:31  Spore Crawler  
  196  16:32  Extractor  
  195  16:46  Spore Crawler  
  194  16:51  Spore Crawler  
  166  17:01  Infestor x6  
  166  17:02  Infestor x11  
  166  17:03  Spore Crawler  
  199  17:12  Spore Crawler  
  199  17:14  Spore Crawler  
  195  17:24  Infestor x2  
  199  17:36  Drone  
  199  17:37  Drone x2  
  194  17:45  Spore Crawler  
  194  17:46  Spore Crawler  
  194  17:47  Infestor, Spore Crawler x2  
  194  17:48  Infestor x5  
  197  18:04  Infestor x35  
  187  18:17  Spore Crawler  
  184  18:23  Infestor x5  
  183  19:00  Overlord x2  
  183  19:13  Drone x10  
  183  19:14  Overlord  
  177  19:25  Spore Crawler  
  177  19:27  Spore Crawler  
  177  19:29  Spore Crawler  
  156  19:33  Spore Crawler  
  156  19:34  Spore Crawler  
  156  19:35  Spore Crawler  
  156  19:36  Mutalisk, Spore Crawler  
  156  19:38  Infestor x10  
  174  19:47  Spore Crawler x2  
  174  19:48  Drone  
  174  19:49  Drone x6, Spore Crawler  
  174  19:50  Spore Crawler x2  
  174  19:52  Infestor x2, Spore Crawler  
  176  19:53  Spore Crawler  
  176  19:54  Spore Crawler  
  176  19:55  Spore Crawler  
  176  20:04  Overlord x2  
  176  20:08  Drone  
  176  20:09  Drone x8  
  176  20:11  Viper x2  
  191  20:20  Hatchery, Spore Crawler  
  187  20:22  Spore Crawler  
  187  20:25  Spore Crawler  
  181  20:36  Corruptor  
  181  20:37  Corruptor x4  
  188  20:50  Corruptor  
  188  20:51  Corruptor  
  188  20:56  Zergling x4  
  186  21:15  Corruptor x2  
  184  21:34  Zergling x2  
  184  21:35  Zergling x16  
  193  21:42  Hatchery  
  177  22:04  Infestor x2  
  177  22:05  Infestor  
  165  22:15  Infestor  
  165  22:16  Overlord  
  165  22:17  Overlord x2  
  167  22:24  Zergling x10  
  167  22:27  Overlord x3  
  167  22:28  Overlord  
  169  22:42  Zergling x2  
  169  22:43  Zergling x26  
  179  22:45  Hatchery  
  179  22:49  Corruptor x3, Extractor  
  181  22:51  Extractor  
  161  23:15  Corruptor x2  
  161  23:17  Corruptor  
  167  23:32  Corruptor x2  
  157  23:39  Zergling x36  
  170  23:47  Corruptor  
  153  23:59  Zergling x10  
  142  24:17  Corruptor  
  119  24:51  Drone  
  118  25:12  Zergling x30  
  115  25:39  Overseer  
  113  25:56  Drone x3  
  116  26:01  Hatchery  
  109  26:17  Infestor x2  
  111  26:34  Drone x2  
  111  26:35  Drone  
  111  26:36  Drone x12  
  126  26:45  Extractor  
  127  26:48  Extractor  
Show
View Real Time Build Order
Export as new Build Order

HellraiseR Protoss - Winner!

Build Orders: 1 Gate Expand, Oracle Opening, Phoenix Opening, Carriers 

Get SALT Encoding   

  12  0:01  Probe  
  13  0:13  Probe  
  14  0:20  Pylon  
  14  0:25  Probe  
  15  0:38  Probe (Chrono Boost)  
  15  0:39  Gateway  
  16  0:49  Assimilator  
  17  0:50  Probe (Chrono Boost)  
  17  0:55  Probe (Chrono Boost)  
  18  1:04  Probe  
  19  1:23  Nexus  
  19  1:27  Probe (Chrono Boost)  
  20  1:37  Probe (Chrono Boost)  
  20  1:39  Cybernetics Core  
  21  1:44  Assimilator  
  21  1:47  Probe  
  21  1:54  Pylon  
  22  2:00  Probe  
  23  2:12  Probe  
  24  2:16  Adept (Chrono Boost)  
  24  2:21  Stargate  
  26  2:25  Probe (Chrono Boost)  
  27  2:30  Warp Gate  
  27  2:35  Probe (Chrono Boost)  
  29  2:39  Stalker  
  32  2:45  Probe x2 (Chrono Boost)  
  32  2:48  Probe  
  32  2:49  Probe  
  34  3:00  Probe  
  34  3:01  Probe  
  34  3:02  Gateway  
  36  3:05  Oracle (Chrono Boost)  
  36  3:12  Probe  
  40  3:14  Probe  
  40  3:19  Assimilator  
  41  3:21  Assimilator  
  41  3:24  Probe  
  41  3:26  Probe  
  43  3:28  Pylon, Shield Battery  
  43  3:35  Phoenix (Chrono Boost)  
  43  3:37  Probe  
  46  3:45  Pylon  
  46  3:46  Probe  
  47  3:49  Probe  
  51  3:56  Oracle (Chrono Boost)  
  51  3:59  Probe  
  51  4:02  Probe  
  53  4:09  Stargate  
  53  4:11  Probe  
  53  4:14  Probe  
  55  4:23  Probe  
  59  4:26  Oracle (Chrono Boost), Probe  
  59  4:28  Pylon  
  59  4:30  Shield Battery  
  60  4:33  Stargate  
  60  4:35  Probe  
  60  4:37  Pylon  
  61  4:45  Probe  
  62  4:47  Probe  
  63  4:58  Oracle (Chrono Boost)  
  63  4:59  Probe  
  70  5:02  Zealot  
  70  5:03  Zealot  
  70  5:05  Oracle (Chrono Boost)  
  73  5:07  Probe  
  74  5:14  Pylon  
  74  5:24  Oracle (Chrono Boost)  
  77  5:28  Pylon  
  77  5:31  Nexus  
  80  5:42  Oracle (Chrono Boost)  
  82  5:43  Probe x2  
  84  5:51  Oracle (Chrono Boost), Forge  
  84  5:52  Oracle (Chrono Boost)  
  84  5:55  Probe  
  84  5:56  Probe  
  89  5:59  Pylon  
  89  6:02  Assimilator  
  89  6:04  Assimilator  
  89  6:05  Pylon  
  89  6:07  Probe  
  89  6:08  Probe  
  90  6:17  Oracle (Chrono Boost)  
  91  6:19  Probe  
  91  6:20  Probe  
  88  6:30  Adept x2  
  88  6:31  Probe  
  89  6:33  Probe  
  85  6:42  Oracle (Chrono Boost), Probe  
  85  6:43  Probe  
  85  6:45  Probe  
  85  6:46  Oracle (Chrono Boost)  
  94  6:51  Zealot x2  
  101  6:55  Probe x2  
  101  6:57  Probe  
  104  7:01  Oracle (Chrono Boost)  
  104  7:03  Shield Battery  
  104  7:07  Photon Cannon, Probe  
  104  7:08  Oracle (Chrono Boost), Probe  
  109  7:09  Probe  
  113  7:16  Oracle (Chrono Boost)  
  113  7:17  Zealot  
  113  7:19  Probe  
  113  7:20  Probe, Adept  
  119  7:24  Probe  
  121  7:31  Probe  
  121  7:32  Probe  
  121  7:36  Pylon x2  
  121  7:37  Probe  
  124  7:38  Pylon  
  124  7:42  Oracle (Chrono Boost)  
  124  7:43  Probe  
  119  7:44  Probe  
  119  7:48  Oracle (Chrono Boost)  
  119  7:51  Probe  
  121  7:54  Oracle (Chrono Boost)  
  121  7:58  Photon Cannon  
  121  7:59  Photon Cannon  
  121  8:01  Shield Battery  
  121  8:04  Probe  
  125  8:09  Oracle (Chrono Boost)  
  125  8:12  Nexus  
  128  8:14  Pylon  
  128  8:16  Oracle (Chrono Boost)  
  128  8:18  Probe  
  132  8:25  Photon Cannon  
  132  8:26  Oracle (Chrono Boost)  
  132  8:27  Pylon  
  132  8:31  Fleet Beacon  
  132  8:35  Photon Cannon  
  132  8:37  Shield Battery  
  132  8:46  Protoss Air Weapons Level 1 (Chrono Boost)  
  132  8:48  Photon Cannon  
  132  8:50  Probe  
  132  8:51  Probe  
  132  8:52  Assimilator  
  134  8:57  Assimilator  
  134  8:59  Pylon  
  134  9:16  Photon Cannon  
  134  9:21  Photon Cannon x2  
  134  9:22  Shield Battery  
  146  9:24  Shield Battery  
  146  9:25  Pylon  
  146  9:28  Carrier (Chrono Boost)  
  146  9:30  Carrier (Chrono Boost)  
  152  9:39  Graviton Catapult  
  152  9:41  Cybernetics Core  
  152  9:42  Carrier (Chrono Boost)  
  152  9:53  Photon Cannon  
  152  9:55  Shield Battery  
  152  10:00  Pylon  
  152  10:01  Stargate  
  152  10:03  Protoss Shields Level 1  
  152  10:06  Photon Cannon  
  152  10:07  Photon Cannon  
  152  10:08  Shield Battery  
  152  10:13  Zealot  
  154  10:20  Protoss Air Armor Level 1 (Chrono Boost)  
  166  10:43  Carrier (Chrono Boost)  
  166  10:44  Protoss Air Weapons Level 2 (Chrono Boost)  
  166  10:49  Carrier (Chrono Boost)  
  174  10:57  Carrier (Chrono Boost)  
  174  11:02  Nexus  
  172  11:04  Pylon  
  172  11:11  Carrier (Chrono Boost), Robotics Facility  
  172  11:29  Photon Cannon  
  172  11:30  Photon Cannon  
  172  11:31  Photon Cannon  
  172  11:33  Pylon  
  172  11:34  Shield Battery  
  172  11:36  Shield Battery  
  172  11:38  Pylon  
  172  11:39  Twilight Council  
  184  11:58  Carrier (Chrono Boost)  
  187  12:02  Carrier (Chrono Boost), Observer  
  187  12:03  Stargate  
  187  12:07  Carrier (Chrono Boost)  
  194  12:08  Carrier (Chrono Boost)  
  194  12:11  Protoss Air Armor Level 2 (Chrono Boost)  
  194  12:17  Protoss Shields Level 2 (Chrono Boost)  
  194  12:31  Assimilator  
  194  12:33  Assimilator  
  194  12:35  Pylon  
  194  12:47  Carrier (Chrono Boost)  
  198  12:59  Stargate  
  198  13:25  Mothership  
  197  13:43  Zealot  
  197  13:46  Protoss Air Weapons Level 3 (Chrono Boost)  
  199  13:57  Protoss Shields Level 3 (Chrono Boost)  
  199  14:01  Protoss Air Armor Level 3 (Chrono Boost)  
  199  14:07  Observer  
  197  14:45  Carrier (Chrono Boost)  
  197  14:56  Carrier x3 (Chrono Boost)  
  200  15:07  Carrier (Chrono Boost)  
  194  16:19  Pylon  
  194  16:23  Pylon  
  194  16:27  Protoss Ground Weapons Level 1 (Chrono Boost)  
  194  16:36  Carrier (Chrono Boost)  
  199  17:08  Stargate  
  192  17:37  Carrier (Chrono Boost)  
  198  17:46  Zealot  
  200  18:33  Pylon  
  200  18:34  Pylon  
  200  18:36  Pylon  
  187  19:14  Nexus  
  179  19:40  Pylon  
  179  19:43  Pylon  
  179  19:44  Pylon  
  173  19:45  Pylon  
  173  19:47  Pylon  
  173  19:48  Pylon  
  173  19:51  Pylon  
  173  19:52  Pylon  
  200  20:07  Carrier (Chrono Boost)  
  200  20:21  Carrier x4 (Chrono Boost)  
  200  20:38  Twilight Council  
  200  20:39  Templar Archives  
  200  20:50  Nexus  
  193  22:35  Observer (Chrono Boost)  
  194  22:46  Observer  
  194  22:49  High Templar  
  197  22:59  Psionic Storm  
  188  23:34  Carrier x3 (Chrono Boost)  
  170  24:42  Carrier (Chrono Boost)  
  167  24:46  Pylon  
  167  24:47  Probe  
  168  25:01  Oracle (Chrono Boost)  
  168  25:02  Carrier (Chrono Boost)  
  168  25:41  Probe x2  
  168  25:42  Probe  
  171  25:49  Probe  
  164  26:00  Probe x2  
  166  26:09  Observer  
  162  26:19  Probe (Chrono Boost)  
  162  26:30  Probe (Chrono Boost)  
  163  26:33  Probe  
  163  26:39  Observer (Chrono Boost)  
  165  26:45  Probe  
  166  26:52  Observer  
Tags
 
Add a new tag
Caveats
  • Supply blocks, unpowered buildings, or Contaminate may cause inaccurate times.
  • Supply counts are checked every 10 seconds.